 Dungeon Crawl Stone Soup version 0.25.0-15-gac7dcb8919 (webtiles) character file.

Game seed: 11361952394687460944

56 grindst0ne the Skirmisher (level 4, 0/37 HPs)
             Began as a Human Chaos Knight on June 28, 2020.
             Was a Plaything of Xom.
             Slain by an adder (2 damage)
             ... on level 2 of the Dungeon.
             The game lasted 00:02:03 (1259 turns).

grindst0ne the Skirmisher (Human Chaos Knight)      Turns: 1259, Time: 00:02:03

Health: 0/37       AC:  5    Str: 13    XL:     4   Next: 17%
Magic:  4/4        EV: 11    Int: 13    God:    Xom [..*...]
Gold:   120        SH:  0    Dex: 12    Spells: 3/3 levels left

rFire    + . .     SeeInvis .   a - +0 hand axe (chaos)
rCold    + . .     Gourm    .   (no shield)
rNeg     . . .     Faith    .   b - +2 leather armour
rPois    +         Spirit   .   (no helmet)
rElec    +         Reflect  .   (no cloak)
rCorr    +         Harm     .   (no gloves)
MR       .....                  (no boots)
Stlth    +.........             (no amulet)
HPRegen  0.12/turn              (no ring)
MPRegen  0.09/turn              (no ring)

@: lethally poisoned (0 -> -17), resistant, stab, flying
A: no striking features
a: Renounce Religion


You were on level 2 of the Dungeon.
You worshipped Xom.
You were a toy of Xom.
You were not hungry.

You visited 1 branch of the dungeon, and saw 2 of its levels.

You collected 120 gold pieces.

Inventory:

Hand Weapons
 a - a +0 hand axe of chaos (weapon)
Missiles
 m - 11 poisoned darts (quivered)
Armour
 b - a +2 leather armour (worn)
Scrolls
 g - a scroll of remove curse {unknown}
 h - a scroll of fog {unknown}
 i - 2 scrolls of identify {unknown}
Potions
 d - a potion of stabbing
 j - a potion of haste {unknown}
 k - a potion of curing {unknown}
Comestibles
 c - 6 rations
 l - 2 chunks of flesh


   Skills:
 + Level 3.9 Fighting
 + Level 3.9 Axes
 - Level 2.0 Armour
 - Level 1.0 Dodging


You had 3 spell levels left.
You didn't know any spells.
Your spell library was empty.

Dungeon Overview and Level Annotations

Branches:
Dungeon (2/15)

Altars:
Fedhas
Nemelex Xobeh
Xom

Annotations:
D:2 Natasha


Message History

The shadow imp disappears in a puff of smoke!
The adder closely misses you. x2
It was a potion of resistance.
You feel protected.
You feel sick. The adder bites you.
* * * LOW HITPOINT WARNING * * *
The adder bites you.
* * * LOW HITPOINT WARNING * * *
You are more poisoned.
The adder poisons you!
It was a potion of flight.
You feel very buoyant.
You fly up into the air.
* * * LOW HITPOINT WARNING * * *
You feel sick. The adder bites you.
* * * LOW HITPOINT WARNING * * *
You are more poisoned.
The adder poisons you! The adder bites you.
You die...
Xom bursts into laughter!

.#...#.#.....#
.............#
...#.#.......#
#............#
#.##......#..# #####
#.##).รท....... ....
#.##...##.#.## #..
#.##...##.#.# #.# .
#.##........# #@# ...
#.##..#####.####S##....
......#####.#..wh..5....
..#...[)....#w##.##.#..#
..#.#............# ..
..........###.#..# ..#
......###.....#?.# ##
..........##..#....
.........>....#..##.


You could see a worm, Natasha and an adder (berserk).

Vanquished Creatures
  A jelly (D:2)
  A leopard gecko (D:1)
  6 bats
  4 goblins
  2 hobgoblins
  3 frilled lizards (D:1)
  3 kobolds
  4 rats
24 creatures vanquished.

Vanquished Creatures (others)
  A bat (D:1)
1 creature vanquished.

Grand Total: 25 creatures vanquished

Notes
Turn   | Place    | Note
-------+----------+-------------------------------------------
     0 | D:1      | grindst0ne the Human Chaos Knight began the quest for the
                  | Orb.
     0 | D:1      | Reached XP level 1. HP: 18/18 MP: 1/1
   120 | D:1      | Reached XP level 2. HP: 21/24 MP: 2/2
   841 | D:2      | Found a sparkling altar of Nemelex Xobeh.
   852 | D:2      | Found a shimmering altar of Xom.
   864 | D:2      | Found a blossoming altar of Fedhas.
   917 | D:2      | XOM: potion effect (brilliance)
   920 | D:2      | XOM: potion effect (stabbing)
   924 | D:2      | XOM: potion effect (brilliance)
   927 | D:2      | Reached XP level 3. HP: 29/29 MP: 3/3
   928 | D:2      | XOM: silly message
   929 | D:2      | XOM: potion effect (invisibility)
   935 | D:2      | Reached XP level 4. HP: 17/37 MP: 4/4
   990 | D:2      | XOM: 6-stop teleportation journey
  1243 | D:2      | Noticed Natasha
  1257 | D:2      | XOM: divination: detect items
  1259 | D:2      | Slain by an adder

Illustrated notes

Levels and vault maps discovered:
D:1:      dpeg_arrival_subterranean_lakeside_camping, layout_loops_cross
D:2:      layout_basic, lemuel_crystal_altar, nicolae_overflow_quartered_altars,
          first_ration, uniq_natasha

Action                   |  1- 3 |  4- 6 || total
-------------------------+-------+-------++-------
Melee: Hand axe          |    58 |    17 ||    75
  Use: Potion            |       |     3 ||     3
  Eat: Chunk             |       |     1 ||     1
Armor: Leather armour    |    50 |     8 ||    58
Dodge: Dodged            |    44 |    20 ||    64
